 Dungeon Crawl Stone Soup version 0.27.1-33-g824d729ab1 (webtiles) character file.

Game seed: 10214100044007489768

123 SensoryNuts the Skirmisher (level 4, -7/40 HPs)
             Began as a Draconian Fighter on Dec 6, 2021.
             Was a Believer of Jiyva.
             Mangled by an ogre (13 damage)
             ... on level 4 of the Dungeon.
             The game lasted 00:06:37 (3988 turns).

SensoryNuts the Skirmisher (Draconian Fighter)      Turns: 3988, Time: 00:06:38

Health: -7/40      AC:  6    Str: 18    XL:     4   Next: 79%
Magic:  4/4        EV: 10    Int:  9    God:    Jiyva [**....]
Gold:   77         SH:  9    Dex: 11    Spells: 3/3 levels left

rFire    . . .     SeeInvis .   a - +0 trident
rCold    . . .     Faith    .   b - +0 kite shield
rNeg     . . .     Spirit   .   (armour unavailable)
rPois    .         Reflect  .   (helmet restricted)
rElec    .         Harm     .   (no cloak)
rCorr    .         Rampage  .   (no gloves)
Will     .....                  e - +0 pair of boots
Stlth    +.........             (no amulet)
HPRegen  0.13/turn              (no ring)
MPRegen  0.09/turn              (no ring)

@: no status effects
A: AC +5, unfitting armour, cold-blooded
a: Renounce Religion, Request Jelly


You were on level 4 of the Dungeon.
You worshipped Jiyva.
Jiyva was pleased with you.
You visited 1 branch of the dungeon, and saw 4 of its levels.

You collected 77 gold pieces.

Inventory:

Hand Weapons
 a - a +0 trident (weapon)
 f - a +0 dagger
 l - a +0 dagger
 m - a +0 dagger
 q - a +0 short sword
 u - a +0 dagger
 v - a +0 short sword
 w - a +0 short sword
 z - a +0 war axe
 A - a +0 club
 C - a +0 rapier
 D - a +0 dagger
 H - a +0 club
Missiles
 g - 6 boomerangs (quivered)
 x - 26 stones
Armour
 b - a +0 kite shield (worn)
 e - a +0 pair of boots (worn)
 h - a +0 scale mail
 i - a +0 leather armour
 n - a +0 leather armour
 r - a +0 leather armour
 s - a +0 scale mail
 F - a +0 helmet
Jewellery
 y - an amulet of reflection
Scrolls
 d - a scroll of magic mapping {unknown}
 j - a scroll of teleportation {unknown}
 k - a scroll of vulnerability {unknown}
 o - 2 scrolls of identify {unknown}
 p - a scroll of blinking {unknown}
 B - a scroll of torment {unknown}
 E - a scroll of fog {unknown}
 G - a scroll of fear {unknown}
Potions
 c - a potion of might


   Skills:
 + Level 4.0 Fighting
 + Level 3.2 Polearms
 + Level 3.3 Dodging
 + Level 0.5 Stealth
 + Level 3.6 Shields


You had 3 spell levels left.
You didn't know any spells.
Your spell library contained the following spells:

 Spells                   Type           Power      Damage    Failure   Level
 Blink                    Tloc           N/A        N/A       95%         2
 Lesser Beckoning         Tloc           0%         N/A       99%         3
 Summon Guardian Golem    Hex/Summ       0%         N/A       99%         3
 Manifold Assault         Tloc           0%         N/A       100%        5
 Orb of Destruction       Conj           0%         N/A       100%        7
 Spellforged Servitor     Conj/Summ      0%         N/A       100%        7


Dungeon Overview and Level Annotations

Branches:
Dungeon (4/15)
 Temple: D:4-7

Altars:
Ashenzari
Okawaru
Jiyva

Shops:
D:2 ?

Annotations:
D:4 1 runed translucent door, solopath's ghost, amateur OpTm


Innate Abilities, Weirdness & Mutations

Your plain brown scales are hard. (AC +5)
You cannot fit into any form of body armour.
You are cold-blooded and may be slowed by cold attacks.


Message History

Found a leather armour.
You see here a +0 leather armour.
n - a +0 leather armour
There is a stone staircase leading up here.
You hear a distant slurping noise.
You hear a splatter.
You swap places.
You hear a series of splatters.
There is a stone staircase leading down here.
You hear a distant slurping noise.
You hear a distant slurping noise.
You hear a distant slurping noise.
You hear a squelching noise.
You hear a distant slurping noise.
You hear a squelching noise.
An ogre is nearby!
You block the ogre's attack.
Jiyva says: Divide and consume!
The ogre closely misses you. The ogre closely misses you.
You hit the ogre.
The ogre is lightly wounded.
The ogre hits you with a +0 giant club!
You closely miss the ogre.
The ogre is lightly wounded.
The ogre barely misses you.
You hit the ogre.
The ogre is lightly wounded.
The ogre hits you with a +0 giant club!!
Ouch! That really hurt!
* * * LOW HITPOINT WARNING * * *
You puncture the ogre!
The ogre is heavily wounded.
The ogre hits you with a +0 giant club.
* * * LOW HITPOINT WARNING * * *
You hit the ogre.
The ogre is heavily wounded.
The ogre closely misses you.
You hit the ogre.
The ogre is severely wounded.
The ogre hits you with a +0 giant club!
You die...

8...8###.# #.#...#≈≈#...#..#
.....###.# #.≈###≈≈≈≈###≈..#
....._#..# ##..≈≈≈≈≈≈≈≈≈≈...#
.....##..####...≈≈≈≈≈≈≈≈≈≈...#
8...8##......#.≈###≈≈≈≈###≈...
##8# ##.##.##.#...#≈≈#...#...
### ####
#.###.#.#.⌠.#..#.⌠.#.##
#.####.####.#
##..#...#..#...#.#
#.....#.....#
#@O.###....###..#
######.######
#...............# #.#
#.......######### #.#
######### #####.####
#........# ##.###.##.# .#.#
#.##.# .#.# #.##.# #######


You could see an ogre.

Vanquished Creatures
  A centaur skeleton (D:4)
  4 adders
  A worm (D:2)
  4 endoplasms (D:1)
  2 giant cockroaches (D:3)
  3 goblins
  3 hobgoblins
  9 jackals
  6 kobolds
  3 quokkas (D:1)
  4 ball pythons
  2 bats (D:1)
  3 frilled lizards
  4 rats
49 creatures vanquished.

Vanquished Creatures (others)
  3 jellies (D:4)
  Robin (D:2)
  2 adders (D:2)
  A worm (D:2)
  An orc (D:4)
  3 ball pythons
  2 endoplasms
  7 goblins
  7 hobgoblins
  7 jackals (D:2)
  5 kobolds
  A quokka (D:3)
  2 frilled lizards (D:3)
  2 rats
44 creatures vanquished.

Grand Total: 93 creatures vanquished

Notes
Turn   | Place    | Note
-------+----------+-------------------------------------------
     0 | D:1      | SensoryNuts the Draconian Fighter began the quest for the
                  | Orb.
     0 | D:1      | Reached XP level 1. HP: 19/19 MP: 1/1
   473 | D:1      | Reached XP level 2. HP: 22/26 MP: 2/2
   933 | D:1      | Found a faded altar of an unknown god.
  1000 | D:1      | Became a worshipper of Jiyva Joygykhl the Shapeless
  1000 | D:1      | Reached * piety under Jiyva
  1477 | D:2      | Reached XP level 3. HP: 25/33 MP: 3/3
  1528 | D:2      | Killed Robin
  2111 | D:2      | Found Usitt's Magic Scroll Shoppe.
  2302 | D:3      | Reached XP level 4. HP: 21/40 MP: 4/4
  2302 | D:3      | Reached ** piety under Jiyva
  2609 | D:3      | Found an iron altar of Okawaru.
  3228 | D:4      | Reached skill level 4 in Fighting
  3392 | D:4      | Found a broken altar of Ashenzari.
  3436 | D:4      | Noticed an ogre
  3696 | D:4      | Found a runed translucent door.
  3698 | D:4      | Noticed solopath's ghost (amateur OpTm)
  3988 | D:4      | Mangled by an ogre

Illustrated notes

Levels and vault maps discovered:
D:1:      heliophobic_arrival_enchanted_forest, layout_loops_corners,
          hellmonk_ecumenical_altar_pennies_from_heaven
D:2:      layout_basic, serial_shops, nicolae_shop_stone, uniq_robin
D:3:      layout_rooms, nicolae_overflow_crystal_walls,
          amcnicky_mini_pool_small, kennysheep_doodads, minmay_diced_spiral
D:4:      layout_loops_ring, nicolae_overflow_hidden_temple,
          ebering_ghost_reflecting_pool, fountainhead

Skill      XL: |  1  2  3  4 |
---------------+-------------+-----
Dodging        | 3 |  3.3
Polearms       | 3 |  3.2
Fighting       | 4 |  4.0
Stealth        | |  0.5
Shields        | |  3.6

Action                   |  1- 3 |  4- 6 || total
-------------------------+-------+-------++-------
Melee: Trident           |   119 |    42 ||   161
       Tailslap          |     9 |     5 ||    14
  Use: Potion            |       |     3 ||     3
Armor: Skin              |    62 |    24 ||    86
Dodge: Dodged            |    66 |    30 ||    96
Block: Kite shield       |    72 |    36 ||   108
